 Dungeon Crawl Stone Soup version 0.26.0-18-gc5c842f807 (webtiles) character file.

Game seed: 17704616484154329910

1711438 EnegeticOcto the Hoplite (level 27, 166/186 HPs)
             Began as a Tengu Arcane Marksman on Jan 22, 2021.
             Was an Elder of Trog.
             Escaped with the Orb
             ... and 3 runes!
             The game lasted 01:39:10 (66186 turns).

EnegeticOcto the Hoplite (Tengu Arcane Marksman)   Turns: 66186, Time: 01:39:11

Health: 166/186    AC: 41    Str: 20    XL:     27
Magic:  25/25      EV: 18    Int: 14    God:    Trog [****..]
Gold:   290        SH: 30    Dex: 18    Spells: 28/28 levels left

rFire    + + .     SeeInvis +   b - +9 eveningstar (flame)
rCold    + . .     Faith    .   c - +0 tower shield
rNeg     . . .     Spirit   .   u - +9 gold dragon scales
rPois    +         Reflect  +   N - +2 hat {SInv}
rElec    +         Harm     .   C - +2 cloak
rCorr    .         Rampage  .   n - +2 pair of gloves
Will     ++...                  (boots unavailable)
Stlth    ..........             G - amulet of Uppuck {Reflect rElec SH+5}
HPRegen  0.41/turn              W - ring of protection from fire
MPRegen  0.19/turn              P - +4 ring of slaying

@: flying quickly and evasively, quick
A: beak, talons 3, able to fly, sturdy frame 1
0: Orb of Zot
}: 3/15 runes: serpentine, barnacled, abyssal
a: Stop Flying, Renounce Religion, Berserk, Trog's Hand, Brothers in Arms


You escaped.
You worshipped Trog.
Trog was greatly pleased with you.
You visited 9 branches of the dungeon, and saw 46 of its levels.
You visited the Abyss 2 times.
You visited 1 bazaar.
You also visited: Ice Cave.

You collected 5428 gold pieces.
You spent 5138 gold pieces at shops.

Inventory:

Hand Weapons
 a - a +9 demon whip of draining
   (Trog gifted it to you on level 14 of the Dungeon)
 b - a +9 eveningstar of flaming (weapon)
   (You took it off Louise on level 15 of the Dungeon)
 O - a +1 short sword of distortion
   (You found it on level 5 of the Lair of Beasts)
Missiles
 o - 7 throwing nets {!f}
 B - 23 curare-tipped darts (quivered)
Armour
 c - a +0 tower shield (worn)
   (You took it off a naga warrior on level 2 of the Snake Pit)
 n - a +2 pair of gloves (worn)
   (You found it on level 2 of the Dungeon)
 u - +9 gold dragon scales (worn)
   (You found it on level 1 of the Lair of Beasts)
 C - a +2 cloak (worn)
   (You found it on level 5 of the Dungeon)
 N - a +2 hat of see invisible (worn)
   (You found it in an ice cave)
Jewellery
 G - the amulet of Uppuck (around neck) {Reflect rElec SH+5}
   (You acquired it on level 3 of the Shoals)

   [amulet of reflection]

   It shields you and reflects attacks.
   It insulates you from electricity.
   It affects your SH (+5).
 P - a +4 ring of slaying (right hand)
   (You found it on level 4 of the Shoals)
 W - a ring of protection from fire (left hand)
   (You found it on level 9 of the Dungeon)
 X - a +6 ring of strength
   (You found it on level 9 of the Dungeon)
Wands
 d - a wand of polymorph (18)
   (You found it on level 3 of the Lair of Beasts)
 k - a wand of digging (9) {@v3}
   (You found it on level 6 of the Dungeon)
 m - a wand of enslavement (21)
   (You found it on level 3 of the Dungeon)
 p - a wand of disintegration (7)
   (You found it on level 3 of the Depths)
 w - a wand of paralysis (12)
   (You found it on level 9 of the Dungeon)
 F - a wand of random effects (80)
   (You took it off Grinder on level 5 of the Dungeon)
 L - a wand of acid (36) {@v1}
   (You found it on level 6 of the Dungeon)
 Z - a wand of iceblast (15) {@v2}
   (You found it on level 2 of the Vaults)
Scrolls
 e - 2 scrolls of vulnerability
 f - 3 scrolls of summoning
 h - 4 scrolls of immolation
 q - 25 scrolls of teleportation {@r3 !r}
 r - 29 scrolls of remove curse {@r2}
 s - 7 scrolls of fog {!r}
 y - 2 scrolls of fear {!r}
 I - a scroll of blinking {@r4}
 J - 9 scrolls of identify {@r1}
 K - 2 scrolls of silence
 Q - 2 scrolls of magic mapping {@r5 !r}
 V - a scroll of torment
Potions
 g - a potion of resistance
 i - 8 potions of lignification {@q6}
 l - 2 potions of might {@q3 !q}
 t - 4 potions of invisibility
 x - 5 potions of ambrosia
 z - 4 potions of attraction
 A - 4 potions of berserk rage
 D - 5 potions of haste {@q4 !q}
 E - 8 potions of mutation
 H - 4 potions of heal wounds {@q2 !q}
 M - 15 potions of curing {@q1 !q}
 R - 2 potions of cancellation
 U - 4 potions of magic
Miscellaneous
 j - a condenser vane
   (You found it on level 15 of the Dungeon)
 v - a phial of floods
   (You found it on level 6 of the Lair of Beasts)
 S - a tin of tremorstones (2/2)
   (You bought it in a shop on level 4 of the Snake Pit)
 T - a box of beasts (inert)
   (You found it on level 2 of the Abyss)


   Skills:
 + Level 22.6 Fighting
 - Level 16.0 Maces & Flails
 - Level 5.0 Crossbows
 - Level 20.0 Armour
 + Level 18.1 Dodging
 * Level 24.9 Shields
 - Level 1.0 Spellcasting
 - Level 2.1 Hexes
 - Level 15.0 Evocations


You had 28 spell levels left.
You didn't know any spells.
Your spell library contained the following spells:

 Spells                   Type           Power        Failure   Level
 Corona                   Hex            6%           86%         1
 Slow                     Hex            6%           95%         2
 Inner Flame              Hex/Fire       3%           100%        3
 Portal Projectile        Hex/Tloc       6%           100%        3
 Cause Fear               Hex            3%           100%        4
 Leda's Liquefaction      Hex/Erth       1%           100%        4


Dungeon Overview and Level Annotations

Branches:
Dungeon (15/15)            Temple (1/1) D:4            Lair (6/6) D:10
 Shoals (4/4) Lair:4        Snake (4/4) Lair:3        Slime (0/5) Lair:6
    Orc (2/2) D:9             Elf (0/3) Orc:2        Vaults (4/5) D:13
  Crypt (0/3) Vaults:3     Depths (5/5) D:15            Zot (5/5) Depths:5
  IceCv (visited)

Altars:
Ashenzari
Cheibriados
Dithmenos
Elyvilon
Fedhas
Gozag
Hepliaklqana
Kikubaaqudgha
Makhleb
Nemelex Xobeh
Okawaru
Qazlal
Ru
Sif Muna
Trog
Uskayaw
Vehumet
Wu Jian
Xom
Yredelemnul
Zin
The Shining One
Beogh
Jiyva

Shops:
D:5 *   Orc:2 *!=[   Snake:4 :?*}?[(*}   Vaults:1 ?[   Vaults:3 [   Zot:3 *

Portals:
Hell: Lair:6 Depths:1 Depths:2 Depths:3 Depths:4 Depths:5
Abyss: Depths:1 Depths:2 Depths:4
Pandemonium: Depths:3 Depths:4
Ziggurat: Depths:3
Bazaar: Vaults:2

Annotations:
D:6 3 runed translucent doors, Stixsmaster's ghost, novice TrBe
D:14 3 runed translucent doors, exclusion: obsidian statue, Kejsarherre's ghost, journeyman GrFi
D:15 3 runed translucent doors, exclusion: obsidian statue, Tinylith's ghost, journeyman MfIE
Lair:4 Rupert
Snake:3 Roxanne
Depths:1 1 runed translucent door
Depths:2 exclusion: door
Zot:3 1 transporter
Zot:5 2 exclusions


Innate Abilities, Weirdness & Mutations

You have a beak for a mouth.
You have claws for feet.
You can fly continuously.
Your movements are slightly less encumbered by armour. (ER -2)


Message History

You see here a +0 whip.
There is an open door here.
There is a stone staircase leading up here.
You fly upwards.
There is a stone staircase leading down here.
There is a stone staircase leading up here.
You fly upwards.
There is a stone staircase leading down here.
There is a stone staircase leading up here.
You fly upwards.
There is a stone staircase leading down here.
There is a stone staircase leading up here.
You fly upwards.
Level annotation: 3 runed translucent doors, Stixsmaster's ghost, novice TrBe
There is a stone staircase leading down here.
Things that are here:
a +0 robe; a +0 dagger You hear a clap of thunder!
You hear a mighty clap of thunder!
You hear a clap of thunder!
You hear a mighty clap of thunder!
You hear a clap of thunder!
You see here a +0 ring mail.
There is a stone staircase leading up here.
You fly upwards.
A tormentor comes into view.
There is a stone staircase leading down here.
Unknown command.
Unknown command.
Unknown command.
The tormentor moves out of view.
The tormentor calls on the powers of darkness!
Your body is wracked with pain!
There is a stone staircase leading up here.
You fly upwards.
There is a stone staircase leading down here.
Your skin crawls.
You feel strong-willed.
(D) Dungeon (T) Temple (L) Lair (A) Shoals (P) Snake Pit (M) Slime Pits (O) Orcish Mines (E) Elven Halls (V) Vaults (C) Crypt (U) Depths (H) Hell (Z) Zot
Where to? (Enter - D:1 @ (x,y), ? - help)
There is a stone staircase leading up here.
You fly upwards.
There is a stone staircase leading down here.
There is a fountain of clear blue water here.
You see here a shortbow.
There is an open door here.
There is a fountain of clear blue water here.
You feel the effects of Trog's Hand fading.
There is an open door here.
You see here 16 arrows.
There is a dry fountain here.
There is a stone staircase leading up here.
Your skin stops crawling.
You feel less strong-willed.
You fly upwards.
There is a stone staircase leading down here.
A hellion comes into view.
Unknown command.
The hellion moves out of view.
Your skin crawls.
You feel strong-willed. Trog will no longer gift you weapons.
You start resting.
A hellion is nearby!
You impale the hellion!! You burn the hellion!
You kill the hellion!
Trog accepts your kill.
(D) Dungeon (T) Temple (L) Lair (A) Shoals (P) Snake Pit (M) Slime Pits (O) Orcish Mines (E) Elven Halls (V) Vaults (C) Crypt (U) Depths (H) Hell (Z) Zot
Where to? (Enter - D:1 @ (x,y), ? - help)
You see here a +0 dagger.
A red devil comes into view. It is wielding a +0 trident.
There is an open door here.
Unknown command.
You feel the effects of Trog's Hand fading.
You block the red devil's attack.
The red devil hops backward while attacking.
You block the red devil's attack. You block the red devil's attack.
You bludgeon the red devil!!
You kill the red devil!
Trog accepts your kill.
No target in view!
(D) Dungeon (T) Temple (L) Lair (A) Shoals (P) Snake Pit (M) Slime Pits (O) Orcish Mines (E) Elven Halls (V) Vaults (C) Crypt (U) Depths (H) Hell (Z) Zot
Where to? (Enter - D:1 @ (x,y), ? - help)
Your skin stops crawling.
You feel less strong-willed.
There is a stone staircase leading up here.
You fly upwards.
There is a stone staircase leading down here.
There is an open door here.
There is a staircase leading out of the dungeon here.
Unknown command.
You have escaped!

# #..##...##..##...#.#.#
###..##...###.##^..#.#.#
#.#..####'#.>......#.#.#
#.#..####.....#........#
#.#'##.....#....#......####
#.#.......##.......#....... #####
#.....#'#####.###....#..... ....#
#...#'#....##..##....#.))..
....###.###.+...@##.......(......
........# ############...........
....#########..##......###.......
...........###.##.###### #.......
##########.##.....# ###....... #
###.........#### #.........
####...######### #.........
.....### #......... ######
#.........


There were no monsters in sight!

Vanquished Creatures
  3 orbs of fire
  Mara (Shoals:3)
  4 ancient liches (Zot:5)
  2 Killer Klowns (Zot:5)
  A curse toe (Zot:5)
  6 caustic shrikes
  4 golden dragons
  the Enchantress (Depths:2)
  An electric golem (Zot:5)
  12 tentacled monstrosities
  22 Orb Guardians (Zot:5)
  2 titans
  4 liches
  3 quicksilver dragons
  3 tentacled starspawn (Abyss:3)
  3 tengu reavers
  3 death cobs
  A sphinx (Depths:2)
  8 storm dragons
  9 shadow dragons
  Agnes (Snake:3)
  2 draconian monks
  11 nagarajas
  Ilsuiw (Shoals:2)
  7 fire giants
  A deep elf sorcerer (Depths:2)
  7 draconian knights
  2 ghost moths
  3 draconian scorchers
  8 vault wardens
  Aizul (Snake:4)
  9 frost giants
  Louise (D:15)
  A balrug (Depths:3)
  2 draconian stormcallers (Zot:1)
  2 draconian shifters
  3 draconian annihilators
  20 very ugly things
  8 spriggan defenders
  2 reapers
  11 ironheart preservers
  13 stone giants
  A juggernaut skeleton (Depths:4)
  A vampire knight (Depths:3)
  2 deep elf demonologists
  8 black draconians
  An entropy weaver (Vaults:3)
  6 white draconians
  9 green draconians
  5 red draconians
  7 purple draconians
  10 starcursed masses
  3 deep elf annihilators
  5 yellow draconians
  6 ettins
  A spark wasp (Depths:4)
  Josephine (D:15)
  2 green deaths
  11 yaktaur captains
  10 merfolk impalers
  A deep elf death mage (Depths:3)
  7 fire dragons
  A merfolk javelineer (Shoals:3)
  5 vault guards
  13 great orbs of eyes
  26 ogre magi
  11 hydras
  9 ice dragons
  4 spriggan air magi
  8 boulder beetles
  6 rakshasas
  A hell beast (Depths:4)
  A monstrous demonspawn (Depths:3)
  13 naga warriors
  An anaconda (shapeshifter) (D:13)
  2 death knights
  Fannar (Lair:1)
  6 merfolk aquamancers
  14 centaur warriors
  15 anacondas
  A catoblepas (Lair:6)
  An alligator snapping turtle (Shoals:4)
  4 merfolk avatars
  3 satyrs
  5 deep troll shamans (Depths:5)
  5 tengu warriors
  5 deep troll earth magi
  4 spriggan berserkers
  A vampire mage (Depths:2)
  75 two-headed ogres
  Urug (Lair:2)
  2 death yaks (Lair:6)
  2 thrashing horrors (Abyss:2)
  2 deep elf knights
  A storm dragon zombie (Vaults:3)
  6 naga sharpshooters
  3 shock serpents (Snake:3)
  30 slime creatures
  6 hell knights
  A sun demon (Lair:6)
  8 skeletal warriors
  2 shadow wraiths
  A fire crab (shapeshifter) (Vaults:1)
  6 spriggans
  2 iron trolls (Depths:5)
  A sixfirhy (Zot:1)
  3 wretched stars
  4 storm dragon skeletons (Vaults:3)
  14 sea snakes
  2 flayed ghosts
  A sea snake (shapeshifter) (Depths:3)
  An unseen horror (shapeshifter) (Vaults:4)
  11 wizards
  3 torturous demonspawn
  4 unseen horrors
  A tengu zombie (Depths:2)
  19 deep trolls
  An obsidian statue (Vaults:2)
  14 naga ritualists
  6 deep elf archers
  2 phantasmal warriors
  A lindwurm (D:13)
  8 ironbrand convokers
  21 harpies
  A harpy (shapeshifter) (Depths:2)
  A shadow dragon skeleton (Vaults:3)
  3 wolf spiders
  10 mana vipers
  7 orc knights
  A human zombie (Vaults:3)
  3 necromancers
  17 cyclopes
  An iron dragon zombie (Depths:2)
  12 deep elf magi
  12 manticores
  A wolf spider (shapeshifter) (Depths:2)
  2 tengu skeletons (Vaults:3)
  30 ugly things
  8 fauns (Shoals:3)
  10 merfolk sirens
  2 salamanders (Snake:3)
  7 water nymphs
  2 frost giant skeletons (Vaults:3)
  12 moths of wrath
  2 rust devils
  Joseph (D:7)
  A guardian serpent (shapeshifter) (Vaults:4)
  An orange demon (Lair:6)
  A salamander (shapeshifter) (Depths:4)
  21 naga magi
  3 large abominations
  12 elephants
  4 guardian serpents
  2 ice statues (IceCv)
  A smoke demon (Lair:6)
  2 stone giant skeletons
  35 black mambas
  16 vault sentinels
  A gargoyle (D:15)
  19 cane toads
  A torpor snail (Lair:4)
  A cane toad (shapeshifter) (D:15)
  2 kobold demonologists (D:15)
  A hellion (D:2)
  Maggie (D:7)
  A tormentor (Abyss:2)
  6 rime drakes
  36 yaktaurs
  A hellwing (Depths:3)
  4 freezing wraiths
  11 komodo dragons
  11 ice devils
  A troll (shapeshifter) (Depths:1)
  4 tengu conjurers
  29 merfolk
  6 red devils
  A yaktaur skeleton (Vaults:3)
  2 ancient zymes
  A meliai (shapeshifter) (Depths:2)
  5 hornets
  A wind drake (shapeshifter) (Abyss:3)
  8 wind drakes
  A hornet (shapeshifter) (D:13)
  2 queen bees (Shoals:1)
  8 trolls
  A queen bee (shapeshifter) (Depths:2)
  A raiju (Abyss:2)
  19 blink frogs
  Grinder (D:5)
  A blink frog (shapeshifter) (Vaults:1)
  6 polar bears
  A raiju (shapeshifter) (Vaults:4)
  6 snapping turtles
  4 dream sheep
  Sigmund (D:5)
  48 yaks
  3 shadows
  3 redbacks (Vaults:3)
  3 ynoxinuls
  22 water elementals
  10 wraiths
  2 wyverns
  A neqoxec (Abyss:2)
  5 basilisks
  3 fire bats (Abyss:2)
  2 golden eyes (D:14)
  3 chaos spawn
  4 steam dragons
  11 wargs
  2 acid dragons
  An elf skeleton (Depths:2)
  38 nagas
  2 soldier ants (shapeshifter)
  29 water moccasins
  2 soldier ants
  3 hell hounds (Lair:6)
  6 black bears
  5 sky beasts
  6 ice beasts
  23 orc warriors
  A meliai simulacrum (D:14)
  A sky beast (shapeshifter) (D:14)
  72 ogres
  5 phantoms
  2 eyes of draining
  11 boggarts
  A necrophage (D:9)
  24 centaurs
  7 human skeletons (Vaults:3)
  24 wolves
  2 big kobolds
  21 bullfrogs
  4 small abominations
  A wyvern zombie (D:14)
  6 scorpions
  9 killer bees
  8 howler monkeys
  13 wights
  An electric eel (Lair:5)
  4 crimson imps
  3 bullfrog zombies (D:10)
  2 centaur zombies
  3 jellies
  2 quasits (Depths:3)
  3 bullfrog skeletons
  6 centaur skeletons
  5 hounds
  20 orc priests
  26 orc wizards
  7 iron imps
  2 iguanas
  10 worker ants
  A hell rat (Lair:6)
  A hound skeleton (D:4)
  A howler monkey skeleton (D:4)
  A howler monkey zombie (D:5)
  19 adders
  9 gnolls
  A river rat (Lair:5)
  6 shadow imps
  10 white imps
  7 ufetubi
  An adder zombie (D:10)
  4 worms
  6 dart slugs
  4 leopard geckos
  92 orcs
  5 giant cockroaches
  15 hobgoblins
  10 jackals
  14 kobolds
  A quokka (D:5)
  2 ball pythons
  5 bats
  2 frilled lizards (D:1)
  10 goblins
  A jackal zombie (D:9)
  An orc skeleton (Abyss:2)
  A quokka skeleton (D:8)
  4 rats
  3 starspawn tentacles (Abyss:3)
1967 creatures vanquished.

Vanquished Creatures (collateral kills)
  Mennas (Depths:4)
  A juggernaut (Depths:3)
  A Killer Klown (Zot:5)
  A golden dragon (Depths:3)
  Nikola (Snake:2)
  A lich (Depths:3)
  A tentacled starspawn (Abyss:2)
  2 nagarajas (Snake:4)
  A stone giant (Depths:3)
  A war gargoyle (Vaults:2)
  A vampire knight (Depths:3)
  A merfolk javelineer (Shoals:4)
  An ettin (Orc:2)
  An eidolon (Abyss:2)
  A green death (D:15)
  2 naga warriors (Snake:4)
  An ogre mage (Vaults:2)
  A death yak (Lair:6)
  A dancing weapon (Abyss:2)
  2 hell hogs (Abyss:2)
  2 naga sharpshooters (Snake:4)
  A soul eater (Zot:3)
  A wretched star (Abyss:2)
  A spatial maelstrom (Abyss:2)
  An infernal demonspawn (Zot:3)
  A naga mage (Snake:4)
  A large abomination (Abyss:2)
  A cane toad (Lair:6)
  3 merfolk
  6 blink frogs (Lair:6)
  2 nagas (Snake:4)
  A spatial vortex (Abyss:2)
  A chaos spawn (Abyss:2)
  A water moccasin (Lair:6)
  A small abomination (Abyss:2)
  An orc warrior (Orc:2)
  A centaur (D:14)
  2 ogres
  3 starcursed masses (Abyss:2)
  A white imp (IceCv)
  An ufetubus (Abyss:2)
  An orc (Orc:2)
57 creatures vanquished.

Vanquished Creatures (others)
  A death cob (Zot:5)
  A draconian scorcher (Zot:1)
  A deep elf high priest (Vaults:4)
  A deep elf knight (Vaults:1)
  An ironbrand convoker (Vaults:1)
  A cyclops (D:12)
  A worker ant (D:12)
  4 white imps (IceCv)
  5 ufetubi (IceCv)
  An orc (D:12)
  15 bushes
  42 fungi
  85 plants
  7 starspawn tentacles (Abyss:3)
166 creatures vanquished.

Grand Total: 2190 creatures vanquished

Notes
Turn   | Place    | Note
-------+----------+-------------------------------------------
     0 | D:1      | EnegeticOcto the Tengu Arcane Marksman began the quest for
                  | the Orb.
     0 | D:1      | Reached XP level 1. HP: 12/12 MP: 3/3
    76 | D:1      | Reached skill level 3 in Crossbows
    76 | D:1      | Reached XP level 2. HP: 13/16 MP: 4/4
   377 | D:1      | Reached XP level 3. HP: 20/20 MP: 5/5
   446 | D:1      | Reached skill level 4 in Crossbows
   823 | D:2      | Noticed a scorpion
  1034 | D:2      | Found a glowing golden altar of the Shining One.
  1094 | D:2      | Killed a scorpion
  1095 | D:2      | Reached skill level 1 in Maces & Flails
  1095 | D:2      | Reached XP level 4. HP: 11/25 MP: 6/6
  1123 | D:2      | HP: 1/25 [poisoned by a scorpion]
  1543 | D:2      | Reached skill level 2 in Maces & Flails
  1587 | D:2      | Gained mutation: You can fly continuously. [Tengu growth]
  1587 | D:2      | Reached XP level 5. HP: 29/29 MP: 7/7
  1656 | D:2      | Reached skill level 5 in Crossbows
  2605 | D:3      | Reached skill level 3 in Maces & Flails
  3208 | D:2      | Reached XP level 6. HP: 35/35 MP: 8/8
  3229 | D:3      | Reached skill level 2 in Fighting
  3359 | D:3      | Reached skill level 4 in Maces & Flails
  3965 | D:4      | Reached skill level 5 in Maces & Flails
  4067 | D:4      | Reached XP level 7. HP: 34/40 MP: 9/9
  4182 | D:4      | Reached skill level 3 in Fighting
  4601 | D:4      | Found a staircase to the Ecumenical Temple.
  4625 | Temple   | Entered the Ecumenical Temple
  4902 | Temple   | Became a worshipper of Trog the Wrathful
  5224 | D:5      | Entered Level 5 of the Dungeon
  5244 | D:5      | Found Hyrchil's General Store.
  5252 | D:5      | Bought a potion of haste for 140 gold pieces
  5252 | D:5      | Bought a potion of curing for 42 gold pieces
  5255 | D:5      | Noticed Grinder
  5269 | D:5      | Paralysed by Grinder for 7 turns
  5280 | D:5      | Killed Grinder
  5281 | D:5      | Reached skill level 4 in Fighting
  5281 | D:5      | Reached skill level 6 in Maces & Flails
  5349 | D:5      | Reached XP level 8. HP: 16/48 MP: 10/10
  5357 | D:5      | Reached skill level 7 in Maces & Flails
  5808 | D:5      | Noticed Sigmund
  5830 | D:5      | Killed Sigmund
  6147 | D:6      | Reached skill level 5 in Fighting
  6147 | D:6      | Reached skill level 8 in Maces & Flails
  6388 | D:6      | Reached * piety under Trog
  6461 | D:6      | Reached skill level 9 in Maces & Flails
  6595 | D:6      | Found an iron altar of Okawaru.
  6621 | D:6      | Reached skill level 1 in Armour
  6621 | D:6      | Reached skill level 1 in Evocations
  6621 | D:6      | Reached XP level 9. HP: 49/54 MP: 11/11
  6807 | D:6      | Found a stormy altar of Qazlal.
  6918 | D:6      | Found a runed translucent gate.
  6918 | D:6      | Noticed Stixsmaster's ghost (novice TrBe)
  6919 | D:6      | Found a runed translucent gate.
  6919 | D:6      | Identified the +9 hand axe of the Heavens {vorpal, +Blink
                  | rN+ Will-}
  6919 | D:6      | Identified the +2 chain mail of Indemnity {Rampage *Slow
                  | rPois Int+2}
  6920 | D:6      | Found a roughly hewn altar of Beogh.
  6920 | D:6      | Found a runed translucent gate.
  7299 | D:7      | Reached skill level 3 in Dodging
  7724 | D:7      | Reached skill level 2 in Armour
  7797 | D:7      | Noticed Maggie
  7825 | D:7      | Killed Maggie
  7826 | D:7      | Reached skill level 6 in Fighting
  7826 | D:7      | Reached skill level 2 in Evocations
  8207 | D:7      | Reached ** piety under Trog
  8298 | D:7      | Reached skill level 10 in Maces & Flails
  8298 | D:7      | Reached skill level 3 in Armour
  8303 | D:7      | Reached skill level 4 in Dodging
  8364 | D:7      | Reached skill level 3 in Evocations
  8434 | D:7      | Noticed Joseph
  8440 | D:7      | Killed Joseph
  8441 | D:7      | Reached XP level 10. HP: 53/61 MP: 9/12
  8822 | D:8      | Reached skill level 4 in Armour
  9001 | D:8      | Noticed an unseen horror
  9018 | D:8      | Killed an unseen horror
  9019 | D:8      | Reached skill level 5 in Dodging
  9023 | D:8      | Reached skill level 4 in Evocations
  9030 | D:8      | Found a broken altar of Ashenzari.
  9042 | D:8      | Reached skill level 7 in Fighting
  9042 | D:8      | Reached skill level 11 in Maces & Flails
  9836 | D:9      | Reached *** piety under Trog
  9868 | D:9      | Noticed a two-headed ogre
  9880 | D:9      | Killed a two-headed ogre
  9980 | D:9      | Reached skill level 6 in Dodging
 10149 | D:9      | Reached skill level 5 in Evocations
 10279 | D:9      | Reached XP level 11. HP: 68/68 MP: 13/13
 10390 | D:9      | Reached skill level 12 in Maces & Flails
 10450 | D:9      | Found a shimmering blue altar of Sif Muna.
 10691 | D:9      | Found a staircase to the Orcish Mines.
 10694 | D:9      | Reached skill level 8 in Fighting
 10814 | D:10     | Entered Level 10 of the Dungeon
 10822 | D:10     | Reached **** piety under Trog
 10838 | D:10     | Noticed a wizard
 10849 | D:10     | Killed a wizard
 11107 | D:10     | Reached skill level 13 in Maces & Flails
 11295 | D:10     | Found a staircase to the Lair.
 11391 | D:10     | Reached skill level 9 in Fighting
 11425 | D:10     | Noticed an unseen horror
 11442 | D:10     | Killed an unseen horror
 11691 | D:11     | Noticed a two-headed ogre
 11923 | D:11     | Killed a two-headed ogre
 11924 | D:11     | Reached skill level 14 in Maces & Flails
 12069 | D:11     | Got a pair of ancient gloves
 12079 | D:11     | Identified the +0 pair of gloves of Comiant {Dex+3} (You
                  | found it on level 11 of the Dungeon)
 12223 | D:11     | Reached XP level 12. HP: 74/76 MP: 12/14
 12337 | D:11     | Reached ***** piety under Trog
 12560 | D:11     | Noticed a seven-headed hydra
 12567 | D:11     | Killed a seven-headed hydra
 12657 | Lair:1   | Entered Level 1 of the Lair of Beasts
 12677 | Lair:1   | Reached skill level 10 in Fighting
 12977 | Lair:1   | Found the +8 whip "Snakebite" {curare, rPois}
 13012 | Lair:1   | Reached skill level 15 in Maces & Flails
 13264 | Lair:1   | Got a scorched emerald amulet
 13338 | Lair:1   | Identified the amulet of Divine Intervention {Faith +Inv
                  | Int+5 Dex-4} (You found it on level 1 of the Lair of
                  | Beasts)
 13581 | Lair:1   | Noticed Fannar
 13599 | Lair:1   | Killed Fannar
 13978 | Lair:2   | Noticed Urug
 13989 | Lair:2   | Received a gift from Trog
 13996 | Lair:2   | Killed Urug
 15307 | Lair:3   | Paralysed by a hornet for 1 turns
 15431 | Lair:3   | Found a staircase to the Snake Pit.
 15440 | Lair:3   | Reached XP level 13. HP: 84/84 MP: 15/15
 15442 | Lair:3   | Reached skill level 5 in Armour
 15592 | Lair:3   | Reached skill level 16 in Maces & Flails
 15592 | Lair:3   | Reached skill level 7 in Dodging
 15709 | Lair:3   | Reached skill level 6 in Evocations
 15751 | Lair:3   | Reached skill level 11 in Fighting
 16456 | Lair:4   | Reached skill level 6 in Armour
 16459 | Lair:4   | Received a gift from Trog
 16832 | Lair:4   | Reached skill level 8 in Dodging
 16905 | Lair:4   | Found a staircase to the Shoals.
 16924 | Lair:4   | Reached skill level 7 in Evocations
 17405 | Lair:4   | Noticed Rupert
 17405 | Lair:4   | Paralysed by Rupert for 2 turns
 17441 | Lair:5   | Noticed Sonja
 17442 | Lair:5   | Noticed Sonja
 17442 | Lair:5   | Sonja changed into Sonja the water moccasin
 17449 | Lair:5   | Killed Sonja the water moccasin
 17659 | Lair:5   | Reached skill level 7 in Armour
 17972 | Lair:5   | Reached skill level 9 in Dodging
 17976 | Lair:5   | Reached XP level 14. HP: 70/91 MP: 16/16
 18733 | Lair:6   | Entered Level 6 of the Lair of Beasts
 18829 | Lair:6   | Reached skill level 12 in Fighting
 18829 | Lair:6   | Reached skill level 8 in Evocations
 18840 | Lair:6   | Reached skill level 8 in Armour
 19413 | Lair:6   | Received a gift from Trog
 19774 | Lair:6   | Reached skill level 10 in Dodging
 19913 | Lair:6   | Reached skill level 9 in Armour
 19931 | Lair:6   | Reached skill level 9 in Evocations
 20516 | Lair:6   | Found a viscous altar of Jiyva.
 20516 | Lair:6   | Found a staircase to the Slime Pits.
 21044 | Lair:6   | Found a burning altar of Makhleb.
 21589 | Lair:6   | Received a gift from Trog
 21711 | Lair:6   | Found a gateway to Hell.
 22188 | D:12     | Reached skill level 13 in Fighting
 22202 | D:12     | Reached skill level 10 in Armour
 22360 | D:12     | Found a flickering gateway to a bazaar.
 22377 | Bazaar   | Entered a bazaar
 22377 | Bazaar   | Found Xyefaecw's Book Shoppe.
 22377 | Bazaar   | Found Kofydas's Antique Armour Emporium.
 22415 | Bazaar   | Found Posiof's Jewellery Shoppe.
 22429 | Bazaar   | Found Asehal's General Store.
 22437 | Bazaar   | Bought a scroll of enchant weapon for 75 gold pieces
 22441 | Bazaar   | Bought a scorched buckler for 218 gold pieces
 22446 | Bazaar   | Identified the +1 buckler of Makhleb's Whim {-Tele rElec
                  | rF++ rC+} (You bought it in a shop in a bazaar)
 22528 | D:12     | Reached XP level 15. HP: 98/98 MP: 17/17
 22693 | D:12     | Reached skill level 1 in Shields
 22786 | D:12     | Reached skill level 10 in Evocations
 23214 | D:12     | Reached skill level 2 in Shields
 23558 | Orc:1    | Entered Level 1 of the Orcish Mines
 23977 | Orc:1    | Received a gift from Trog
 23994 | Orc:1    | Identified the +6 great mace of Prudence {flame, rElec
                  | Will- Int+3 SInv} (Trog gifted it to you on level 1 of the
                  | Orcish Mines)
 24124 | Orc:2    | Entered Level 2 of the Orcish Mines
 24177 | Orc:2    | Reached skill level 3 in Shields
 24807 | Orc:2    | Reached skill level 4 in Shields
 24916 | Orc:2    | Reached skill level 11 in Armour
 25375 | Orc:2    | Found Hoqila's Jewellery Boutique.
 25375 | Orc:2    | Found Lakokoot's Armour Emporium.
 25376 | Orc:2    | Found Conkemy's Assorted Antiques.
 25376 | Orc:2    | Found Cefruazi's Distillery.
 25391 | Orc:2    | Bought 2 potions of heal wounds for 380 gold pieces
 25391 | Orc:2    | Bought a scroll labelled LUHAIWNUECH for 38 gold pieces
 25391 | Orc:2    | Bought a potion of curing for 114 gold pieces
 25392 | Orc:2    | Bought a potion of curing for 42 gold pieces
 25392 | Orc:2    | Bought a potion of invisibility for 112 gold pieces
 25392 | Orc:2    | Bought a potion of cancellation for 112 gold pieces
 25392 | Orc:2    | Bought a potion of curing for 42 gold pieces
 25392 | Orc:2    | Bought a potion of curing for 42 gold pieces
 25392 | Orc:2    | Bought a potion of heal wounds for 70 gold pieces
 25605 | Orc:2    | Found a staircase to the Elven Halls.
 25668 | Orc:1    | Received a gift from Trog
 25709 | Orc:1    | Reached skill level 11 in Evocations
 26285 | D:13     | Reached ****** piety under Trog
 26817 | D:13     | Reached skill level 14 in Fighting
 27224 | D:13     | Cast into level 2 of the Abyss (a wizard)
 27227 | Abyss:2  | Found a corrupted altar of Lugonu.
 27267 | Abyss:2  | Noticed a Hell Sentinel
 27367 | Abyss:2  | Found a corrupted altar of Lugonu.
 27405 | Abyss:2  | Reached XP level 16. HP: 84/84 MP: 18/18
 27555 | Abyss:2  | Received a gift from Trog
 27668 | Abyss:2  | Reached skill level 5 in Shields
 27691 | Abyss:2  | Noticed a tentacled starspawn
 27692 | Abyss:2  | Killed a tentacled starspawn
 27695 | D:13     | Escaped the Abyss
 27763 | D:13     | Found a gate to the Vaults.
 28265 | D:14     | Reached skill level 12 in Armour
 28504 | D:14     | Received a gift from Trog
 28668 | D:14     | Found a runed translucent gate.
 28669 | D:14     | Found a runed translucent gate.
 28669 | D:14     | Found an opulent altar of Gozag.
 28670 | D:14     | Found a runed translucent gate.
 28671 | D:14     | Noticed Kejsarherre's ghost (journeyman GrFi)
 28785 | D:15     | Entered Level 15 of the Dungeon
 28791 | D:15     | Noticed Josephine
 28812 | D:15     | Killed Josephine
 28829 | D:15     | Found a frozen archway.
 28896 | IceCv    | Entered an ice cave
 29118 | IceCv    | Found the +0 pair of fencer's gloves {Riposte Dex+3}
 29539 | IceCv    | Got a glittering marble ring
 29544 | IceCv    | Identified the ring "Ceng" {+Fly Will+ Dex+4} (You found it
                  | in an ice cave)
 29680 | D:15     | Reached skill level 6 in Shields
 29693 | D:15     | Reached skill level 15 in Fighting
 30096 | D:15     | Found a runed translucent gate.
 30097 | D:15     | Found a runed translucent gate.
 30098 | D:15     | Found a runed translucent gate.
 30099 | D:15     | Found an opulent altar of Gozag.
 30100 | D:15     | Noticed Tinylith's ghost (journeyman MfIE)
 30100 | D:15     | Noticed a sphinx
 30287 | D:15     | Noticed Louise
 30299 | D:15     | Killed Louise
 30299 | D:15     | Received a gift from Trog
 30300 | D:15     | Reached skill level 12 in Evocations
 30674 | D:15     | Found a staircase to the Depths.
 31039 | D:15     | Reached skill level 8 in Shields
 31039 | D:15     | Reached XP level 17. HP: 113/113 MP: 19/19
 31206 | Snake:1  | Entered Level 1 of the Snake Pit
 31235 | Snake:1  | Reached skill level 9 in Shields
 31452 | Snake:1  | Reached XP level 18. HP: 120/120 MP: 20/20
 32692 | Snake:2  | Noticed Nikola
 32703 | Snake:2  | Killed Nikola
 32704 | Snake:2  | Reached skill level 10 in Shields
 33306 | Snake:2  | Received a gift from Trog
 33811 | Snake:3  | Reached skill level 13 in Evocations
 33831 | Snake:3  | Reached skill level 16 in Fighting
 34283 | Snake:3  | Noticed Roxanne
 34334 | Snake:3  | Noticed Agnes
 34337 | Snake:3  | Reached skill level 11 in Shields
 34344 | Snake:3  | Killed Agnes
 34838 | Snake:4  | Entered Level 4 of the Snake Pit
 34838 | Snake:4  | Found Ziuloe's Magic Scroll Shop.
 34926 | Snake:4  | Found Marim's Antique Weapon Shop.
 34926 | Snake:4  | Found Xicenow's General Store.
 34929 | Snake:4  | Found Viehuas's Gadget Boutique.
 34931 | Snake:4  | Bought a scroll of blinking for 105 gold pieces
 34931 | Snake:4  | Bought a scroll of enchant armour for 105 gold pieces
 34931 | Snake:4  | Bought a scroll of enchant armour for 105 gold pieces
 34931 | Snake:4  | Bought a scroll of fog for 28 gold pieces
 34931 | Snake:4  | Bought a scroll of teleportation for 42 gold pieces
 34931 | Snake:4  | Bought a scroll of immolation for 49 gold pieces
 34940 | Snake:4  | Bought a potion of curing for 45 gold pieces
 34943 | Snake:4  | Bought a tin of tremorstones (2/2) for 520 gold pieces
 34943 | Snake:4  | Bought a wand of acid (7) for 286 gold pieces
 34943 | Snake:4  | Bought a wand of acid (12) for 416 gold pieces
 34943 | Snake:4  | Bought a wand of paralysis (4) for 78 gold pieces
 34969 | Snake:4  | Received a gift from Trog
 35163 | Snake:4  | Found Lixiz's Gadget Emporium.
 35179 | Snake:4  | Noticed Aizul
 35200 | Snake:4  | Killed Aizul
 35479 | Snake:4  | Found Kadgh's Antique Armour Emporium.
 35509 | Snake:4  | Found Ocuicuts's General Store.
 35536 | Snake:4  | Bought 2 scrolls of teleportation for 126 gold pieces
 35620 | Snake:4  | Reached XP level 19. HP: 120/125 MP: 21/21
 35643 | Snake:4  | Found Lalouje's Magic Scroll Boutique.
 35665 | Snake:4  | Reached skill level 14 in Evocations
 35678 | Snake:4  | Reached skill level 12 in Shields
 35907 | Snake:4  | Received a gift from Trog
 36206 | Snake:4  | Found Pusutach's Book Emporium.
 36358 | Snake:4  | Got a serpentine rune of Zot
 36614 | Shoals:1 | Entered Level 1 of the Shoals
 36991 | Shoals:1 | Reached skill level 13 in Shields
 37726 | Shoals:2 | Reached skill level 15 in Evocations
 37739 | Shoals:2 | Received a gift from Trog
 37795 | Shoals:2 | Noticed Ilsuiw
 37799 | Shoals:2 | Killed Ilsuiw
 38836 | Shoals:3 | Identified a scroll of acquirement
 38837 | Shoals:3 | Acquired the amulet of Uppuck {Reflect rElec SH+5}
 38878 | Shoals:3 | Reached skill level 17 in Fighting
 39028 | Shoals:3 | Noticed Mara
 39039 | Shoals:3 | Killed Mara
 39040 | Shoals:3 | Reached skill level 14 in Shields
 39108 | Shoals:3 | Reached XP level 20. HP: 87/134 MP: 22/22
 39646 | Shoals:4 | Entered Level 4 of the Shoals
 40164 | Shoals:4 | Reached skill level 15 in Shields
 40174 | Shoals:4 | Got a barnacled rune of Zot
 41596 | Vaults:1 | Entered Level 1 of the Vaults
 41693 | Vaults:1 | Reached skill level 18 in Fighting
 41883 | Vaults:1 | Received a gift from Trog
 42081 | Vaults:1 | Found Arrasmeg's Antique Armour Emporium.
 42661 | Vaults:1 | Reached XP level 21. HP: 143/143 MP: 23/23
 42906 | Vaults:1 | Reached skill level 13 in Armour
 43252 | Vaults:1 | Received a gift from Trog
 43482 | Vaults:1 | Reached skill level 19 in Fighting
 43664 | Vaults:1 | Found Codiet's Magic Scroll Boutique.
 43682 | Vaults:1 | Reached skill level 16 in Shields
 43690 | Vaults:1 | Reached XP level 22. HP: 142/149 MP: 24/24
 43717 | Vaults:1 | Bought a scroll of acquirement for 520 gold pieces
 43717 | Vaults:1 | Bought 2 scrolls of magic mapping for 70 gold pieces
 43717 | Vaults:1 | Bought a scroll of magic mapping for 35 gold pieces
 43717 | Vaults:1 | Acquired a manual of Armour
 44382 | Vaults:2 | Found a gateway to a bazaar.
 44805 | Vaults:2 | Reached skill level 11 in Dodging
 44990 | Vaults:2 | Received a gift from Trog
 45027 | Vaults:2 | Reached skill level 14 in Armour
 45991 | Vaults:3 | Reached skill level 17 in Shields
 46265 | Vaults:3 | Identified the +5 war axe "Newtbane" {flame, Int+3} (You
                  | found it on level 3 of the Vaults)
 46275 | Vaults:3 | Found Saiweix's Armour Shoppe.
 46450 | Vaults:3 | Reached skill level 15 in Armour
 47008 | Vaults:3 | Paralysed by a wizard for 5 turns
 47173 | Vaults:3 | Received a gift from Trog
 47183 | Vaults:3 | Reached skill level 12 in Dodging
 47400 | Vaults:3 | Reached XP level 23. HP: 156/156 MP: 25/25
 47446 | Vaults:3 | Found a staircase to the Crypt.
 48366 | Vaults:4 | Found a transporter.
 48506 | Vaults:4 | Received a gift from Trog
 48631 | Vaults:4 | Found a transporter.
 48658 | Vaults:4 | Reached skill level 16 in Armour
 48678 | Vaults:4 | Reached skill level 18 in Shields
 49176 | Vaults:4 | Identified the -4 pair of gloves of the Engineer {-Cast rF+
                  | Int+2} (You found it on level 4 of the Vaults)
 49528 | Depths:1 | Entered Level 1 of the Depths
 49705 | Depths:1 | Identified the ring of Wityf {rF+ Stlth-} (You found it on
                  | level 1 of the Depths)
 49720 | Depths:1 | Received a gift from Trog
 49950 | Depths:1 | Reached skill level 13 in Dodging
 49953 | Depths:1 | Reached skill level 20 in Fighting
 50020 | Depths:1 | Found a one-way gate to the infinite horrors of the Abyss.
 50426 | Depths:1 | Found a runed translucent door.
 50620 | Depths:2 | Noticed the Enchantress
 50624 | Depths:2 | Reached skill level 17 in Armour
 50624 | Depths:2 | Killed the Enchantress
 50633 | Depths:2 | Reached XP level 24. HP: 96/163 MP: 25/25
 50657 | Depths:2 | Reached skill level 19 in Shields
 51756 | Depths:3 | Found a gateway to a ziggurat.
 51844 | Depths:3 | Reached skill level 18 in Armour
 51918 | Depths:3 | Reached skill level 14 in Dodging
 51934 | Depths:3 | Noticed a juggernaut
 51948 | Depths:3 | Killed a juggernaut
 51948 | Depths:3 | Received a gift from Trog
 52620 | Depths:3 | Found a one-way gate leading to the halls of Pandemonium.
 52955 | Depths:4 | Noticed a caustic shrike
 52963 | Depths:4 | Cast into level 2 of the Abyss (spriggan defender)
 52963 | Abyss:2  | Found a corrupted altar of Lugonu.
 53059 | Abyss:2  | Found a corrupted altar of Lugonu.
 53293 | Abyss:3  | Reached skill level 20 in Shields
 53335 | Abyss:3  | Got an abyssal rune of Zot
 53349 | Depths:4 | Escaped the Abyss
 53377 | Depths:3 | Received a gift from Trog
 53873 | Depths:3 | Killed a caustic shrike
 53874 | Depths:3 | Reached XP level 25. HP: 169/169 MP: 23/25
 54345 | Depths:4 | Reached skill level 19 in Armour
 54627 | Depths:4 | Noticed Mennas
 54654 | Depths:4 | Killed Mennas
 54655 | Depths:4 | Reached skill level 15 in Dodging
 55085 | Depths:4 | Reached skill level 21 in Fighting
 55311 | Depths:5 | Entered Level 5 of the Depths
 55312 | Depths:5 | Acquired a manual of Shields
 55565 | Depths:5 | Received a gift from Trog
 55591 | Depths:5 | Reached skill level 21 in Shields
 55926 | Depths:5 | Found a gate to the Realm of Zot.
 56738 | Depths:5 | Reached skill level 22 in Shields
 56741 | Depths:5 | Reached XP level 26. HP: 103/177 MP: 25/25
 57268 | Zot:1    | Entered Level 1 of the Realm of Zot
 57739 | Zot:2    | Received a gift from Trog
 57958 | Zot:3    | Found Pigozah's Changing Room.
 57958 | Zot:3    | Found a transporter.
 58000 | Zot:3    | Bought a potion of mutation for 200 gold pieces
 58000 | Zot:3    | Bought a potion of lignification for 75 gold pieces
 58345 | Depths:3 | Reached skill level 16 in Dodging
 58646 | Orc:2    | Bought a scroll of enchant weapon for 285 gold pieces
 58646 | Orc:2    | Bought a scroll of enchant weapon for 285 gold pieces
 58880 | Snake:4  | Bought a wand of digging (4) for 336 gold pieces
 59344 | Zot:1    | Noticed an orb of fire
 59365 | Zot:1    | Killed an orb of fire
 59647 | Zot:1    | Reached skill level 20 in Armour
 59682 | Zot:1    | Reached skill level 23 in Shields
 62489 | Zot:5    | Entered Level 5 of the Realm of Zot
 62710 | Zot:5    | Reached skill level 22 in Fighting
 63202 | Zot:5    | Reached XP level 27. HP: 184/184 MP: 25/25
 63985 | Zot:5    | Reached skill level 17 in Dodging
 64490 | Zot:5    | Noticed an ancient lich
 64497 | Zot:5    | Noticed an ancient lich
 64498 | Zot:5    | Killed an ancient lich
 64499 | Zot:5    | Reached skill level 24 in Shields
 64509 | Zot:5    | Killed an ancient lich
 64533 | Zot:5    | Received a gift from Trog
 64742 | Zot:5    | Noticed an ancient lich
 64749 | Zot:5    | Killed an ancient lich
 64890 | Zot:5    | Noticed an orb of fire
 64905 | Zot:5    | Killed an orb of fire
 64906 | Zot:5    | Noticed an ancient lich
 64912 | Zot:5    | Killed an ancient lich
 65073 | Zot:5    | Noticed an orb of fire
 65086 | Zot:5    | Gained mutation: Your movements are slightly less
                  | encumbered by armour. (ER -2) [an orb of fire]
 65091 | Zot:5    | Killed an orb of fire
 65371 | Zot:5    | Reached skill level 18 in Dodging
 65524 | Zot:5    | Got the Orb of Zot
 65527 | Zot:5    | Noticed an ancient lich
 65527 | Zot:5    | Noticed an orb of fire
 65528 | Zot:5    | Noticed an orb of fire
 65738 | Depths:4 | Noticed a seraph
 65879 | D:15     | Noticed Fuolalaedi the pandemonium lord
 66186 | D:$      | Escaped with the Orb!

Illustrated notes

Levels and vault maps discovered:
D:1:      dpeg_arrival_short_road, layout_rooms, grunt_decor_fettered,
          serial_bayou_pond_b
D:2:      wad_river_or_something, layout_basic, tso_metal_star
D:3:      layout_basic, grunt_ministairs_5
D:4:      layout_basic, minmay_temple_entry_wispy, grunt_ministairs_15,
          grunt_decor_resistance, minmay_checkerbox
D:5:      layout_cave_pools, serial_shops, nicolae_shop_statue_plus,
          uniq_grinder, uniq_sigmund
D:6:      layout_basic, biasface_ghost_orc_armoury, basic_altar,
          okawaru_gym_becter
D:7:      layout_basic, uniq_joseph, uniq_maggie
D:8:      cheibrodos_steamvent, layout_loops_ring, evilmike_ruin_ashenzari
D:9:      layout_loops_ring, lemuel_coloured_pillars_altar,
          minmay_orc_entry_guard_dogs
D:10:     kennysheep_big_flooded_room, layout_basic,
          grunt_lair_entry_orc_guard_hut
D:11:     layout_roguey, grunt_ministairs_8
D:12:     layout_roguey, serial_shops, freezing_bzr
D:13:     layout_roguey, david_vaults_4, hangedman_decor_push
D:14:     layout_big_octagon, nrook_mini_backslash, ebering_ghost_gozag
D:15:     hangedman_depths_entry_civil_slaughter, layout_loops_ring,
          serial_park_gazebo [serial_park_minivault_5x5_1],
          portal_ice_cave_entry_pillars_1, serial_aquarium,
          aquarium_bridge_square [aquarium_subvault_wall,
          aquarium_subvault_balcony, aquarium_subvault_bridge,
          aquarium_subvault_balcony], aquarium_window_corridor_2,
          aquarium_window_2, aquarium_window_fake, aquarium_view_2f,
          aquarium_view_2e, aquarium_pool_2, ebering_ghost_gozag,
          uniq_josephine, uniq_louise
Temple:   roderic_octagonal_lattice_temple
Lair:1:   minmay_guarded_unrand_snakebite, layout_regular_city, uniq_fannar
Lair:2:   layout_cave_pods, columned_hall_lemuel, uniq_urug
Lair:3:   layout_hall_layers, minmay_snake_entry_six_corridors,
          infiniplex_staircase_pool_2
Lair:4:   layout_hall_layers, elwin_shoals_entry_stream,
          minmay_shattered_shrine, uniq_rupert
Lair:5:   layout_regular_city, serial_bayou_ford_a, pond,
          infiniplex_staircase_pool, grunt_megastairs_4, lemuel_fruit_fields,
          uniq_sonja
Lair:6:   evil_forest, layout_concentric_octagons,
          dpeg_slime_entry_enclosed_altar, st_stairs_8, patterned_corridor
Shoals:1: layout_shoals
Shoals:2: layout_shoals, uniq_ilsuiw
Shoals:3: layout_shoals, uniq_mara
Shoals:4: shoals_end_hangedman, layout_shoals
Snake:1:  layout_rooms, special_room, serial_bayou_lagoon_a, grunt_ministairs_8,
          serial_bayou_shore_b
Snake:2:  layout_concentric_octagons, uniq_nikola
Snake:3:  layout_onion_interference, serial_bayou_pond_c, st_stairs_12,
          lemuel_fruit_tree, serial_bayou_shore_b, serial_bayou_shore_b,
          uniq_agnes, uniq_roxanne
Snake:4:  snake_pit, layout_onion, serial_shops, shop, shop, shop,
          nicolae_shop_statue_plus, shop, minmay_shoptagon, uniq_aizul
Orc:1:    layout_caves, mines5_lemuel
Orc:2:    st_orc_ogre_mass, layout_caves
Vaults:1: nicolae_vaults_big_ls, ontoclasm_vaults_idyll,
          ontoclasm_vaults_gateway, vaults_mumra_hexcomb, v_misc_10,
          nicolae_vaults_border_crossing, grunt_vaults_hallway_short,
          ontoclasm_vaults_ligature, nicolae_vaults_network_quinsquares
          [nicolae_vaults_network_quincunx_subvault,
          nicolae_vaults_network_quincunx_subvault,
          nicolae_vaults_network_quincunx_subvault,
          nicolae_vaults_network_quincunx_subvault],
          nicolae_vaults_little_squares_2, dpeg_vaults_monster_row,
          nicolae_vaults_specimen_jars, layout_vaults_big_cross, serial_shops,
          shop, shop
Vaults:2: hangedman_vaults_nodes, v_misc_5, hangedman_vaults_cutoff,
          vaults_standard_mumra_x, nicolae_vaults_network_s,
          nicolae_vaults_little_squares_2, ontoclasm_vaults_claustrophobia,
          ontoclasm_vaults_pinch, vaults_room_stairs_pillars, v_misc_2,
          vaults_room_pool, nicolae_vaults_ring_of_whatevers,
          layout_vaults_omnigrid, serial_shops, statue_bzr
Vaults:3: ontoclasm_vaults_spin, v_pattern_2, v_misc_11, ontoclasm_vaults_eye,
          v_alt_pattern_1, hangedman_vaults_snaps, hangedman_vaults_nails,
          minmay_crypt_entry_skeletal_spiral, layout_vaults_ring, serial_shops,
          nicolae_shop_waterfront
Vaults:4: gammafunk_the_bubble [the_bubble_gammafunk_grid], vaults_room_boxed,
          grunt_vaults_funnel, nicolae_vaults_little_squares_4,
          vaults_room_grunt_arrival_ludios, vaults_dpeg_doors,
          nicolae_vaults_little_squares_1, grunt_vaults_diagonal,
          vaults_room_large_hall, vaults_room_grid, vaults_dpeg_ring,
          layout_vaults_maze_snakey
Depths:1: layout_twisted_cross, serial_sigils, serial_sigils_hangedman_writhe,
          serial_sigils_hangedman_scar, serial_sigils_hangedman_snap,
          serial_sigils_hangedman_leer, serial_sigils_hangedman_shear,
          hell_entry, abyss_entry, lightli_giant_bouncers
Depths:2: gammafunk_mikee_crab_dinner, layout_basic,
          nicolae_abyss_entry_one_way_or_another, hell_entry,
          serial_bayou_pond_e, infiniplex_staircase_x, uniq_enchantress
Depths:3: minmay_swirls_squares, layout_gridlike, enter_ziggurat_a,
          minmay_misc_feat_tiny, hell_entry, grunt_pan_entry_in_and_out,
          hex_tiny
Depths:4: minmay_ambush_box, layout_cave_shapes, grunt_mini_vestibule,
          corexii_hall_statues_l, abyss_entry, grunt_pan_entry_spiral,
          kennysheep_small_square, minmay_staircase_windowed_large, uniq_mennas
Depths:5: evilmike_zot_entry_round, layout_cave_pools,
          hangedman_tar_grid_catacomb, corexii_leaking_fountain
Zot:1:    kennysheep_ambush_hall, layout_basic, grunt_megastairs_5
Zot:2:    layout_basic
Zot:3:    gammafunk_dig_for_victory, layout_twisted_circle,
          nicolae_transmutations_shop
Zot:4:    layout_misc_corridors
Zot:5:    layout_misc_corridors

Skill      XL: |  1  2  3  4  5  6  7  8  9 10 11 12 13 14 15 16 17 18 19 20 21 22 23 24 25 26 27 |
---------------+----------------------------------------------------------------------------------+-----
Crossbows      | 3 4 5 |  5.0
Maces & Flails | 1 2 3 5 6 9 10 11 14 15 16 | 16.0
Fighting       | 2 4 5 6 7 9 10 11 13 14 15 16 17 18 19 20 21 22 | 22.6
Armour         | 1 3 4 7 10 11 12 13 15 17 18 19 20 | 20.0
Evocations     | 1 3 5 7 9 11 12 13 15 | 15.0
Dodging        | 4 6 9 10 12 13 14 15 16 18 | 18.1
Shields        | 4 8 9 11 14 15 16 17 18 20 22 23 24 | 24.9
Spellcasting   | |  1.0
Hexes          | |  2.1

Action                   |  1- 3 |  4- 6 |  7- 9 | 10-12 | 13-15 | 16-18 | 19-21 | 22-24 | 25-27 || total
-------------------------+-------+-------+-------+-------+-------+-------+-------+-------+-------++-------
Melee: Dagger            |    23 |   252 |   222 |       |       |       |       |       |       ||   497
       Kick              |     4 |    63 |    90 |   160 |   336 |   304 |   403 |   746 |   549 ||  2655
       Peck              |     3 |    38 |    46 |    98 |   225 |   205 |   247 |   483 |   362 ||  1707
       Flail             |       |       |    47 |       |       |       |       |       |       ||    47
       Morningstar       |       |       |    51 |   577 |  1119 |   371 |       |       |       ||  2118
       Great mace        |       |       |       |    10 |       |       |       |       |       ||    10
       Demon whip        |       |       |       |       |       |   583 |   846 |  1407 |   531 ||  3367
       Eveningstar       |       |       |       |       |       |       |     5 |    81 |   662 ||   748
 Fire: Hand crossbow     |    74 |     6 |       |       |       |       |       |       |       ||    80
Throw: Boomerang         |       |     1 |     2 |       |       |       |       |       |       ||     3
       Dart              |       |       |       |       |     4 |     2 |       |     2 |    13 ||    21
Invok: Berserk           |       |       |     1 |    13 |     9 |    10 |       |     3 |     4 ||    40
       Trog's Hand       |       |       |       |     1 |     6 |    11 |     3 |     9 |    14 ||    44
       Brothers in Arms  |       |       |       |       |     5 |     5 |     5 |     5 |     7 ||    27
 Abil: Fly               |       |     1 |       |       |       |       |       |     5 |       ||     6
       Stop Flying       |       |       |       |       |       |       |       |     5 |       ||     5
Evoke: Wand              |       |       |    10 |     1 |     6 |    11 |    26 |    13 |    47 ||   114
       Condenser vane    |       |       |       |       |       |     1 |     3 |     3 |     4 ||    11
       Box of beasts     |       |       |       |       |       |     1 |     1 |     1 |     2 ||     5
       Phial of floods   |       |       |       |       |       |     1 |       |       |       ||     1
       Tin of tremorston |       |       |       |       |       |       |     8 |     7 |     4 ||    19
  Use: Scroll            |       |     9 |     7 |    10 |    12 |    17 |     8 |    16 |    14 ||    93
       Potion            |       |       |     3 |       |     3 |     2 |     2 |     3 |    11 ||    24
 Stab: Paralysed         |       |       |     8 |     1 |       |     1 |       |       |     6 ||    16
       Confused          |       |       |     1 |       |       |       |       |       |       ||     1
       Distracted        |       |       |       |       |       |     1 |       |       |     2 ||     3
Armor: Robe              |     9 |       |       |       |       |       |       |       |       ||     9
       Ring mail         |     6 |    84 |    63 |       |       |       |       |       |       ||   153
       Skin              |       |       |     6 |       |       |       |       |       |     7 ||    13
       Scale mail        |       |       |    47 |    89 |       |       |       |       |       ||   136
       Plate armour      |       |       |       |   135 |       |       |       |       |       ||   135
       Gold dragon scale |       |       |       |    80 |   801 |   424 |   286 |   283 |   255 ||  2129
Dodge: Dodged            |    26 |   109 |   199 |   281 |   379 |   233 |   178 |   178 |   231 ||  1814
Block: Kite shield       |       |       |       |       |       |   251 |   460 |       |       ||   711
       Reflection        |       |       |       |       |       |       |    45 |    87 |    20 ||   152
       Tower shield      |       |       |       |       |       |       |    91 |  1140 |   993 ||  2224
